 Dungeon Crawl Stone Soup version 0.29-a0-721-g7f417c9bbb (webtiles) character file.

Game seed: 13947032800105904544

158 dolemite99 the Shooter (level 5, -2/41 HPs)
             Began as a Ghoul Hunter on June 27, 2022.
             Was a Follower of Okawaru.
             Slain by an iguana (8 damage)
             ... on level 4 of the Dungeon.
             The game lasted 00:03:48 (5202 turns).

dolemite99 the Shooter (Ghoul Hunter)               Turns: 5202, Time: 00:03:48

Health: -2/41      AC:  8    Str: 15    XL:     5   Next: 40%
Magic:  4/4        EV:  9    Int:  4    God:    Okawaru [*.....]
Gold:   172        SH:  0    Dex: 14    Spells: 4/4 levels left

rFire   . . .      SeeInvis .   a - +0 shortbow
rCold   + . .      Faith    .   (shield currently unavailable)
rNeg    + + +      Spirit   .   l - +0 scale mail
rPois   ∞          Reflect  .   (no helmet)
rElec   .          Harm     .   v - +0 cloak
rCorr   .          Rampage  .   u - +0 pair of gloves
Will    .....                   (no boots)
Stlth   ..........              (no amulet)
HPRegen 0.00/turn               (no ring)
MPRegen 0.09/turn               (no ring)

@: flying, inhibited regen
A: claws 1, cold resistance 1, negative energy resistance 3, inhibited
regeneration, torment resistance 2, devour on kill
a: Renounce Religion, Heroism


You were on level 4 of the Dungeon.
You worshipped Okawaru.
Okawaru was aware of your devotion.
You visited 1 branch of the dungeon, and saw 4 of its levels.

You collected 172 gold pieces.

Inventory:

Hand Weapons
 a - a +0 shortbow (weapon)
 t - a +2 dagger of electrocution
Missiles
 j - 45 stones
 s - 6 poisoned darts
Armour
 c - a +0 leather armour
 i - a +0 chain mail
 l - a +0 scale mail (worn)
 u - a +0 pair of gloves (worn)
 v - a +0 cloak (worn)
Jewellery
 h - an amulet of regeneration
Scrolls
 b - 3 scrolls of immolation
Potions
 d - 2 potions of lignification
 n - 3 potions of heal wounds
 o - a potion of flight


   Skills:
 - Level 2.1 Fighting
 + Level 5.9 Ranged Weapons
 - Level 1.7 Dodging
 - Level 1.1 Stealth


You had 4 spell levels left.
You didn't know any spells.
Your spell library was empty.

Dungeon Overview and Level Annotations

Branches:
Dungeon (4/15)
 Temple: D:4-7

Altars:
Okawaru
Qazlal
The Shining One


Innate Abilities, Weirdness & Mutations

You are immune to poison.
You have sharp fingernails.
Your flesh is cold resistant. (rC+)
You are immune to negative energy. (rN+++)
You do not regenerate when monsters are visible.
You are immune to unholy pain and torment.
You thrive by killing the living.


Message History

The iguana bites you but does no damage.
It was a potion of flight.
You feel very buoyant.
You fly up into the air.
The iguana bites you.
It was a potion of curing.
You feel better. The iguana bites you.
Fire: a) +0 shortbow
Press: ? - help, Q - select action, (/) - cycle Shift-Dir - straight line, f/p - ogre
Aim: an ogre, wielding a +0 giant spiked club (76% to hit)
You shoot an arrow. The arrow closely misses the iguana.
The arrow hits the ogre.
The ogre is lightly wounded.
The iguana bites you but does no damage. x2
Fire: a) +0 shortbow
Press: ? - help, Q - select action, (/) - cycle Shift-Dir - straight line, f/p - ogre
Aim: an ogre, wielding a +0 giant spiked club (lightly wounded, 76% to hit)
You shoot an arrow. The arrow barely misses the iguana.
The arrow completely misses the ogre.
The iguana closely misses you.
Fire: a) +0 shortbow
Press: ? - help, Q - select action, (/) - cycle Shift-Dir - straight line, f/p - ogre
Aim: an ogre, wielding a +0 giant spiked club (lightly wounded, 76% to hit)
You shoot an arrow.
The arrow hits the iguana but does no damage.
The iguana bites you but does no damage.
Fire: a) +0 shortbow
Press: ? - help, Q - select action, (/) - cycle Shift-Dir - straight line, f/p - ogre
Aim: an ogre, wielding a +0 giant spiked club (lightly wounded, 76% to hit)
You shoot an arrow. The arrow hits the iguana.
The iguana is lightly wounded.
The iguana bites you but does no damage.
The iguana bites you.
Fire: a) +0 shortbow
Press: ? - help, Q - select action, (/) - cycle Shift-Dir - straight line, f/p - ogre
Aim: an ogre, wielding a +0 giant spiked club (lightly wounded, 76% to hit)
Okay, then.
Okay, then.
The iguana attacks as you move away! The iguana bites you!
* * * LOW HITPOINT WARNING * * *
The iguana attacks as you move away! The iguana bites you!
You die...

#.# #.# #.#
#.# #.# #O#
##.# #l.#
#@## #.#
#.##########
#.##.......##
#.##.<.......
#.##........#
#.##........#
#...........#
####.........


You could see an ogre and an iguana.

Vanquished Creatures
  A hound (D:3)
  4 adders (D:2)
  4 dart slugs
  3 endoplasms
  3 giant cockroaches
  15 goblins
  8 hobgoblins
  4 jackals
  3 quokkas (D:1)
  12 ball pythons
  7 bats (D:1)
  2 frilled lizards
  6 kobolds
  4 rats
76 creatures vanquished.

Notes
Turn   | Place    | Note
-------+----------+-------------------------------------------
     0 | D:1      | dolemite99 the Ghoul Hunter began the quest for the Orb.
     0 | D:1      | Reached XP level 1. HP: 17/17 MP: 0/0
    48 | D:1      | Found a faded altar of an unknown god.
    58 | D:1      | Prayed at the altar of an unknown god.
    58 | D:1      | Became a worshipper of Warmaster Okawaru
    58 | D:1      | Reached * piety under Okawaru
    84 | D:1      | Reached skill level 4 in Ranged Weapons
    84 | D:1      | Reached XP level 2. HP: 24/24 MP: 1/1
   349 | D:1      | Reached XP level 3. HP: 26/29 MP: 2/2
  1803 | D:2      | Reached skill level 5 in Ranged Weapons
  1803 | D:2      | Reached XP level 4. HP: 31/36 MP: 3/3
  3511 | D:3      | Reached XP level 5. HP: 31/41 MP: 4/4
  4404 | D:3      | Found a stormy altar of Qazlal.
  4728 | D:3      | Noticed an ogre
  5183 | D:4      | Noticed an ogre
  5202 | D:4      | Slain by an iguana

Illustrated notes

Levels and vault maps discovered:
D:1:      dpeg_arrival_arbitrary_a, layout_basic,
          chequers_ecumenical_altar_simple, minivault_5
D:2:      wad_river_or_something, layout_basic
D:3:      layout_basic, mainiacjoe_overflow_big_doors,
          chequers_serial_rivers_micro_d, grunt_decor_junction,
          minmay_ogre_servants
D:4:      layout_loops_cross

Skill      XL: |  1  2  3 |
---------------+----------+-----
Ranged Weapons | 4 5 |  5.9
Fighting       | |  2.1
Dodging        | |  1.7
Stealth        | |  1.1

Action                   |  1- 3 |  4- 6 || total
-------------------------+-------+-------++-------
 Fire: Shortbow          |   129 |   135 ||   264
  Use: Scroll            |       |     9 ||     9
       Potion            |       |     3 ||     3
Armor: Leather armour    |     7 |       ||     7
       Chain mail        |    35 |       ||    35
       Scale mail        |    14 |    49 ||    63
Dodge: Dodged            |    52 |    53 ||   105

Table legend: (Time is in decaauts)
 A = Elapsed time spent in this place.
 B = Non-inter-level travel time spent in this place.
 C = Inter-level travel time spent in this place.
 D = Time resting spent in this place.
 E = Time spent auto-exploring this place.
 F = Levels seen in this place.
 G = Mean time per level.
                   A        B        C        D        E       F      G
               +--------+--------+--------+--------+--------+-----+--------+
         Total |   5333 |   5199 |    134 |   1847 |   2641 |   4 | 1333.2 |
       Dungeon |   5333 |   5199 |    134 |   1847 |   2641 |   4 | 1333.2 |
               +--------+--------+--------+--------+--------+-----+--------+

Top non-repeatable levels by time:
     D:3: 1911 daAuts
     D:2: 1750 daAuts
     D:1: 1622 daAuts
     D:4: 49 daAuts
